 Dungeon Crawl Stone Soup version 0.23.2-1-ga50397a (webtiles) character file.

Game seed: 18151704836650822209

1053 troglodite the Covert (level 8, 0/42 HPs)
             Began as a Spriggan Assassin on May 28, 2019.
             Was a Follower of Dithmenos.
             Splashed by a jelly's acid (7 damage)
             ... on level 5 of the Dungeon.
             The game lasted 00:26:06 (10795 turns).

troglodite the Covert (Spriggan Assassin)          Turns: 10795, Time: 00:26:09

Health: 0/42       AC: -9    Str:  7    XL:     8   Next: 5%
Magic:  9/9        EV: 21    Int: 13    God:    Dithmenos [*.....]
Gold:   360        SH:  0    Dex: 19    Spells: 7/7 levels left

rFire    . . .     SeeInvis +   a - +2 dagger
rCold    . . .     Gourm    .   (shield restricted)
rNeg     . . .     Faith    .   c - +0 robe
rPois    .         Spirit   .   (helmet restricted)
rElec    .         Reflect  .   d - +0 cloak
rCorr    .         Harm     .   (gloves unavailable)
MR       +....                  (boots unavailable)
Stlth    +++++.....             (no amulet)
HPRegen  0.14/turn              (no ring)
MPRegen  0.11/turn              (no ring)

@: corroded, wreathed by umbra, very quick
A: very small, unfitting armour, see invisible, herbivore, speed 3, slow
metabolism 2
a: Renounce Religion


You were on level 5 of the Dungeon.
You worshipped Dithmenos.
Dithmenos was aware of your devotion.
You were not hungry.

You visited 1 branch of the dungeon, and saw 5 of its levels.

You collected 360 gold pieces.

Inventory:

Hand Weapons
 a - a +2 dagger (weapon)
 b - a +0 blowgun
 t - a +0 hunting sling of velocity
Missiles
 e - 27 poisoned needles
 f - 2 curare-tipped needles
 h - 77 stones (quivered)
 u - 8 needles of confusion
Armour
 c - a +0 robe (worn)
 d - a +0 cloak (worn)
Wands
 q - a wand of acid (8)
Scrolls
 m - 2 scrolls of remove curse
 r - 4 scrolls of teleportation
 s - a scroll of amnesia {unknown}
 v - 2 scrolls of enchant armour {unknown}
 x - a scroll of blinking {unknown}
Potions
 i - a potion of cancellation {unknown}
 j - 4 potions of curing
 k - a potion of invisibility {unknown}
 l - 2 potions of heal wounds
 n - 2 potions of agility
 o - a potion of berserk rage
 p - a potion of brilliance
 w - a potion of might {unknown}
 z - a potion of degeneration {unknown}
Comestibles
 g - 4 rations


   Skills:
 * Level 3.9 Fighting
 + Level 4.4 Short Blades
 * Level 3.8(4.6) Slings
 + Level 3.1(3.7) Throwing
 * Level 5.1 Dodging
 * Level 9.8 Stealth


You had 7 spell levels left.
You didn't know any spells.
Your spell library was empty.

Dungeon Overview and Level Annotations

Branches:
Dungeon (5/15)
 Temple: D:4-7

Altars:
Dithmenos
The Shining One

Annotations:
D:5 3 runed translucent doors, Borgoz's ghost, novice MiMo; Kahibar's ghost, novice HOFi; shugdite's ghost, novice KoBe; whitewolfNL's ghost, novice MiBe


Innate Abilities, Weirdness & Mutations

You are very small and have problems with some larger weapons.
You are too small for most types of armour.
You have supernaturally acute eyesight. (SInv)
You are a herbivore.
You cover ground extremely quickly.
You need to consume almost no food.


Message History

The jelly is severely wounded.
The jelly closely misses you.
You hit the jelly.
Your hands burn!
The jelly is almost dead.
The jelly misses you.
You hit the jelly but do no damage.
Your hands burn!
The jelly is almost dead.
You hit the jelly but do no damage. The acid corrodes you!
Your hands burn!
The jelly is almost dead.
The jelly closely misses you.
You hit the jelly but do no damage.
Your hands burn!
The jelly is almost dead.
The jelly completely misses you.
You hit the jelly but do no damage.
Your hands burn!
* * * LOW HITPOINT WARNING * * *
The jelly is almost dead.
The jelly hits you.
* * * LOW HITPOINT WARNING * * *
The acid corrodes you!
You are splashed with acid!
You die...

#..<....†....##............#.....
#...............##.#######.#.##..
...............##..# #.....###.
#.................######.##.###..
..................##.....#......#
#....#############..............#
#....# ##########.........
###..##(....J##J#########........
#..##......#.#@#....###........
##.##..J...#.#.#.....##........
####..J..J#.#.#.....)'........
#÷.....#.#........'........
#.....J#.#[.......'.)....##
#..÷÷..#.#.......##.######
#.÷.....##......###...##
#...÷÷.########## ###..# ####
####### ###### ##.#


You could see a jelly.

Vanquished Creatures
  Sigmund (D:3)
  An ice beast (D:4)
  An ogre (D:4)
  2 big kobolds
  A scorpion (D:4)
  A howler monkey (D:5)
  A crimson imp (D:5)
  A jelly (D:5)
  A centaur skeleton (D:4)
  An orc priest (D:4)
  3 hounds
  4 worker ants
  11 adders
  A shadow imp (D:5)
  4 oozes
  An adder skeleton (D:4)
  4 worms (D:3)
  A dart slug (D:1)
  8 leopard geckos
  An orc (D:4)
  5 giant cockroaches
  12 goblins
  8 hobgoblins
  2 quokkas (D:5)
  2 ball pythons (D:1)
  4 bats
  4 frilled lizards (D:4)
  14 kobolds
  9 rats
109 creatures vanquished.

Vanquished Creatures (others)
  A giant cockroach (D:5)
  10 fungi (D:5)
  9 toadstools (D:5)
  2 withered plants (D:5)
22 creatures vanquished.

Grand Total: 131 creatures vanquished

Notes
Turn   | Place    | Note
-------+----------+-------------------------------------------
     0 | D:1      | troglodite the Spriggan Assassin began the quest for the
                  | Orb.
     0 | D:1      | Reached XP level 1. HP: 10/10 MP: 2/2
    44 | D:1      | Reached skill level 6 in Stealth
   285 | D:1      | Reached XP level 2. HP: 15/15 MP: 3/3
  1433 | D:2      | Reached skill level 7 in Stealth
  1433 | D:2      | Reached XP level 3. HP: 18/18 MP: 4/4
  1866 | D:2      | Found a shadowy altar of Dithmenos.
  1869 | D:2      | Reached XP level 4. HP: 12/23 MP: 5/5
  2122 | D:2      | Became a worshipper of Dithmenos the Shadowed
  2199 | D:2      | Reached skill level 1 in Slings
  2612 | D:3      | Noticed Sigmund
  2928 | D:3      | Reached skill level 8 in Stealth
  3559 | D:3      | Reached XP level 5. HP: 26/26 MP: 6/6
  3576 | D:3      | Killed Sigmund
  3576 | D:3      | Reached XP level 6. HP: 19/32 MP: 7/7
  5848 | D:4      | Reached * piety under Dithmenos
  6422 | D:4      | Reached skill level 9 in Stealth
  7207 | D:4      | Noticed an ice beast
  7734 | D:4      | Killed an ice beast
  7734 | D:4      | Reached XP level 7. HP: 9/36 MP: 8/8
  8428 | D:5      | Entered Level 5 of the Dungeon
  9298 | D:5      | Found a runed translucent gate.
  9311 | D:5      | Found a runed translucent gate.
  9313 | D:5      | Found a runed translucent gate.
  9314 | D:5      | Noticed Kahibar's ghost (novice HOFi)
  9314 | D:5      | Noticed Borgoz's ghost (novice MiMo)
  9314 | D:5      | Noticed shugdite's ghost (novice KoBe)
  9316 | D:5      | Noticed whitewolfNL's ghost (novice MiBe)
  9619 | D:5      | Found a glowing golden altar of the Shining One.
 10077 | D:5      | Reached skill level 5 in Dodging
 10077 | D:5      | Reached XP level 8. HP: 34/42 MP: 9/9
 10483 | D:5      | Noticed a slime creature
 10484 | D:5      | Noticed a slime creature
 10795 | D:5      | Splashed by a jelly's acid

Skill      XL: |  1  2  3  4  5  6  7 |
---------------+----------------------+-----
Stealth        | 6 7 8 9 |  9.8
Fighting       | 2 3 |  3.9
Slings         | 1 2 3 |  3.8
Dodging        | 2 3 5 |  5.1
Short Blades   | 3 4 |  4.4
Throwing       | 3 |  3.1

Action                   |  1- 3 |  4- 6 |  7- 9 || total
-------------------------+-------+-------+-------++-------
Melee: Dagger            |    98 |   347 |   241 ||   686
 Fire: Blowgun           |       |    23 |    22 ||    45
       Hunting sling     |       |    14 |       ||    14
Throw: Stone             |       |     3 |       ||     3
  Use: Potion            |       |     1 |     1 ||     2
       Scroll            |       |     8 |       ||     8
 Stab: Sleeping          |    16 |    12 |     4 ||    32
       Distracted        |       |     2 |     2 ||     4
  Eat: Ration            |       |     2 |     2 ||     4
Armor: Robe              |     6 |    25 |    11 ||    42
Dodge: Dodged            |    45 |   211 |   191 ||   447
